 Dungeon Crawl Stone Soup version 0.29.0-7-g18a832c13a (webtiles) character file.

Game seed: 14633673078323647578

3 Urakste the Scratcher (level 1, 5/9 HPs)
             Began as a Felid Transmuter on Sept 1, 2022.
             Quit the game on level 1 of the Dungeon.
             The game lasted 00:00:43 (65 turns).

Urakste the Scratcher (Felid Transmuter)              Turns: 65, Time: 00:00:44

Health: 5/9        AC:  1    Str:  6    XL:     1   Next: 41%
Magic:  4/4        EV: 17    Int: 14    God:
Gold:   0          SH:  0    Dex: 16    Spells: 3/4 levels left
                                        Lives:  0   Deaths: 0

rFire   . . .      SeeInvis +     - Unarmed
rCold   . . .      Faith    .   (shield unavailable)
rNeg    . . .      Spirit   .   (body armour unavailable)
rPois   .          Reflect  .   (helmet unavailable)
rElec   .          Harm     .   (cloak unavailable)
rCorr   .          Rampage  .   (gloves unavailable)
Will    .....                   (boots unavailable)
Stlth   +.........              (no amulet)
HPRegen 0.03/turn               (no ring)
MPRegen 0.09/turn               (no ring)

@: quick
A: very small, claws 1, fangs 3, see invisible, speed 1, shaggy fur 1, stealthy
paws, no weapons or thrown items, no armour, multi-lived
a: no special abilities


You were on level 1 of the Dungeon.
You visited 1 branch of the dungeon, and saw 1 of its levels.

Inventory:

Potions
 a - a potion of lignification


   Skills:
 + Level 1.0 Fighting
 + Level 2.7 Dodging
 + Level 3.1 Unarmed Combat
 + Level 2.0 Spellcasting
 + Level 2.2 Transmutations


You had 3 spell levels left.
You knew the following spells:

 Your Spells              Type           Power      Damage    Failure   Level
a - Beastly Appendage     Tmut           14%        N/A       10%         1

Your spell library contained the following spells:

 Spells                   Type           Power      Damage    Failure   Level
 Wereblood                Tmut           7%         N/A       14%         2
 Spider Form              Tmut/Pois      4%         N/A       41%         3
 Ice Form                 Ice/Tmut       4%         N/A       83%         4


Dungeon Overview and Level Annotations

Branches:
Dungeon (1/15)

Altars:


Innate Abilities, Weirdness & Mutations

You have sharp claws.
You have razor-sharp teeth.
You have supernaturally acute eyesight. (SInv)
You cover ground quickly. (Speed+)
You are covered in fur. (AC +1)
Your paws help you pounce on unaware monsters.
You are incapable of wielding weapons or throwing items.
You cannot wear armour.
You gain extra lives every three experience levels.


Message History

The giant cockroach bites you but does no damage.
You scratch the giant cockroach.
The giant cockroach is almost dead.
The giant cockroach bites you.
You scratch the giant cockroach but do no damage.
The giant cockroach is almost dead.
The giant cockroach bites you but does no damage.
You scratch the giant cockroach but do no damage.
The giant cockroach is almost dead.
The giant cockroach bites you but does no damage.
You barely miss the giant cockroach.
The giant cockroach is almost dead.
The giant cockroach completely misses you.
The kobold hits you with a +3 short sword.
The giant cockroach misses you.
The rat twitches its whiskers.
A goblin comes into view. It is wielding a +0 club.
The kobold misses you.
The giant cockroach bites you but does no damage.
You scratch the giant cockroach.
You kill the giant cockroach!
You scratch the kobold but do no damage.
The kobold closely misses you.
You scratch the kobold.
You kill the kobold!
You scratch the rat but do no damage. You claw the rat.
The rat is severely wounded.
The rat closely misses you.
You barely miss the rat.
The rat is severely wounded.
The rat barely misses you.
You claw the rat!
You kill the rat!
Things that are here:
a +3 short sword; a kobold corpse; a giant cockroach corpse Unknown command.
Unknown command.
Are you sure you want to abandon this character and quit the game? (Confirm with "yes".)
Okay, then.
Are you sure you want to abandon this character and quit the game? (Confirm with "yes".)

##........ ##....##...
#...)...... #..........
#....####<. ########..###
### #......##.# #
#.####....### ###
##.#######@## ##.....####..
............#####..........
#..............#..........
#.....).....######....##...
#g#######.#.# ##........
#.#.# ###....## $.#.#
###### ####[# .#


There were no monsters in sight!

Vanquished Creatures
  A giant cockroach (D:1)
  A kobold (D:1)
  A rat (D:1)
3 creatures vanquished.

Notes
Turn   | Place    | Note
-------+----------+-------------------------------------------
     0 | D:1      | Urakste the Felid Transmuter began the quest for the Orb.
     0 | D:1      | Reached XP level 1. HP: 9/9 MP: 4/4
    65 | D:1      | Quit the game

Illustrated notes

Levels and vault maps discovered:
D:1:      minmay_arrival_loop, layout_loops_ring, serial_shops, shop,
          dreamdust_ecumenical_altar_drowned_temple, nicolae_shop_vocational

Action                   || total
-------------------------++-------
Melee: Unarmed           ||    11
       Punch             ||     1
Armor: Skin              ||     4
Dodge: Dodged            ||     7
